[Event "Titled Tuesday Blitz January 31 Early 2023"]
[White "Nakamura, Hikaru"]
[Black "Baskakov, Egor"]
[WhiteFideId "2016192"]
[BlackFideId "24197866"]
[WhiteElo "2775"]
[BlackElo "2215"]
[Result "1-0"]
[Round "04"]
[TimeControl "180+2"]
[Date "2023.01.31"]
[WhiteClock "0:00:19"]
[BlackClock "0:00:12"]

1. Nf3 Nf6 2. g3 e6 3. Bg2 d5 4. b3 Be7 5. Bb2 O-O 6. O-O b6 7. e3 Bb7 8. Qe2 Nbd7 9. c4 c5 10. cxd5 Nxd5 11. d4 Rc8 12. Rd1 Qc7 13. e4 Nb4 14. Nc3 Ba6 15. Nb5 Qc6 16. a4 Rfe8 17. Rac1 Qb7 18. e5 Qb8 19. h4 h6 20. h5 Bb7 21. dxc5 Nxc5 22. Nd6 Bxd6 23. exd6 Rcd8 24. Be5 Qa8 25. Rc4 Nd5 26. Rg4 f6 27. Qc2 Rd7 28. b4 fxe5 29. bxc5 bxc5 30. Nxe5 Qd8 31. Nxd7 Qxd7 32. Qxc5 Rc8 33. Qd4 e5 34. Bxd5+ Kh8 35. Qe4 Bxd5 36. Rxd5 1-0


[Site "https://www.chess.com"]

[Event "Titled Tuesday Blitz January 31 Early 2023"]
[White "So, Wesley"]
[Black "Ter-Sahakyan, Samvel"]
[WhiteFideId "5202213"]
[BlackFideId "13302531"]
[WhiteElo "2760"]
[BlackElo "2617"]
[Result "1/2-1/2"]
[Round "04"]
[TimeControl "180+2"]
[Date "2023.01.31"]
[WhiteClock "0:00:05"]
[BlackClock "0:00:06"]

1. e4 c5 2. Nf3 e6 3. g3 d5 4. exd5 exd5 5. d4 Nc6 6. Bg2 cxd4 7. O-O Bc5 8. Nbd2 Bb6 9. Nb3 Nge7 10. Nfxd4 O-O 11. Re1 Nf5 12. Nf3 Be6 13. Bf4 Qf6 14. c3 h6 15. Ne5 Rad8 16. Qd2 Rfe8 17. Nxc6 bxc6 18. Be5 Qg6 19. Nd4 Bd7 20. Bf4 Qf6 21. Nf3 g5 22. Be5 Qg6 23. b4 Nd6 24. Bd4 Ne4 25. Qb2 Qf5 26. a4 g4 27. Nh4 Qg5 28. Bxe4 dxe4 29. Ng2 Be6 30. Rad1 Bc4 31. Bxb6 axb6 32. Rxd8 Rxd8 33. Rxe4 Rd1+ 34. Re1 Qd5 35. Qc2 Rxe1+ 36. Nxe1 c5 37. bxc5 Qxc5 38. Ng2 Qe5 39. Ne3 Be6 40. Qd2 h5 41. h4 gxh3 42. Qd4 Qxd4 43. cxd4 Bb3 44. Kh2 Bxa4 45. Kxh3 Kg7 46. Kh4 Kg6 47. Nd5 b5 48. Nc3 Kf5 49. Kxh5 f6 50. Kh4 Kg6 51. Kg4 Kf7 52. Kf4 Ke6 53. Ke3 Kf5 54. f3 Ke6 55. Nxa4 bxa4 56. Kd3 Kd5 57. g4 a3 58. Kc3 a2 59. Kb2 Kxd4 60. f4 Ke4 61. g5 fxg5 62. fxg5 Kf5 63. Kxa2 Kxg5 1/2-1/2


[Site "https://www.chess.com"]

[Event "Titled Tuesday Blitz January 31 Early 2023"]
[White "Kravtsiv, Martyn"]
[Black "Le, Tuan Minh"]
[WhiteFideId "14113147"]
[BlackFideId "12401153"]
[WhiteElo "2598"]
[BlackElo "2542"]
[Result "1-0"]
[Round "04"]
[TimeControl "180+2"]
[Date "2023.01.31"]
[WhiteClock "0:00:06"]
[BlackClock "0:00:03"]

1. e4 c5 2. Nf3 Nf6 3. Nc3 d5 4. exd5 Nxd5 5. Bb5+ Bd7 6. Ne5 Nf6 7. Qf3 Qc8 8. a4 e6 9. d3 Be7 10. O-O O-O 11. Bg5 a6 12. Bxd7 Nbxd7 13. Nc4 b6 14. Rfe1 h6 15. Bf4 Qd8 16. h3 Re8 17. Qb7 Qc8 18. Qxc8 Raxc8 19. Bg3 Rc6 20. Re2 Bd8 21. Ne4 Bc7 22. Nxf6+ gxf6 23. Bxc7 Rxc7 24. f4 f5 25. Ne5 Nxe5 26. Rxe5 c4 27. d4 c3 28. b3 Rd8 29. Rd1 Rcd7 30. d5 b5 31. axb5 axb5 32. Kf2 Kg7 33. Rd3 b4 34. Ke3 Kf6 35. Rd4 Rg8 36. Kf3 Ra8 37. Rxb4 Ra2 38. dxe6 fxe6 39. Rb6 Rxc2 40. Rexe6+ Kg7 41. Rg6+ Kf7 42. Rbf6+ Ke7 43. Re6+ Kf7 44. Rgf6+ Kg7 45. Rg6+ Kf7 46. Ref6+ Ke7 47. Rxf5 Rd3+ 48. Ke4 Rcd2 49. Rg7+ Kd6 50. Rf6+ Kc5 51. Rc7+ Kb4 52. Rb6+ Ka3 53. f5 Kb2 54. Rbc6 Rg3 55. f6 Rdxg2 56. f7 Rf2 57. Ke5 Re3+ 58. Kd6 Rd3+ 59. Ke7 Re3+ 60. Kd8 Ref3 61. Ke8 Re3+ 62. Re7 Ref3 63. b4 c2 64. Rec7 Re3+ 65. Kd8 Rd2+ 66. Kc8 Rf3 67. b5 Kb3 68. b6 Rdf2 69. b7 Ka2 70. Rxc2+ Rxc2 71. Rxc2+ Kb3 72. Rc7 1-0


[Site "https://www.chess.com"]

[Event "Titled Tuesday Blitz January 31 Early 2023"]
[White "Makhnev, Denis"]
[Black "Samunenkov, Ihor"]
[WhiteFideId "13707647"]
[BlackFideId "14187086"]
[WhiteElo "2483"]
[BlackElo "2501"]
[Result "0-1"]
[Round "04"]
[TimeControl "180+2"]
[Date "2023.01.31"]
[WhiteClock "0:00:02"]
[BlackClock "0:00:02"]

1. d4 d5 2. c4 e6 3. Nf3 c6 4. Qc2 Nf6 5. Nbd2 dxc4 6. Nxc4 Bb4+ 7. Bd2 Bxd2+ 8. Ncxd2 O-O 9. e3 Nbd7 10. Be2 Qe7 11. Nc4 b6 12. O-O c5 13. dxc5 Nxc5 14. b4 Nce4 15. Qb2 Bb7 16. Rac1 Rac8 17. a3 Rfd8 18. Nce5 h6 19. Rxc8 Rxc8 20. Rc1 Qd8 21. h3 Rc7 22. Rc4 Bd5 23. Rc2 Qc8 24. Bd3 Rxc2 25. Qxc2 Qxc2 26. Bxc2 Nd6 27. Nd4 Nfe4 28. Nec6 Nc4 29. a4 a5 30. bxa5 Nxa5 31. Ne7+ Kf8 32. Nxd5 exd5 33. Kf1 Nc3 34. Ke1 Nc4 35. Bb3 Ke7 36. g4 g6 37. h4 Kd6 38. h5 Kc5 39. hxg6 fxg6 40. Bc2 Ne4 41. f3 Nxe3 42. Nb3+ Kb4 43. Nd4 Nc5 44. Bxg6 Kxa4 45. Ke2 Nc4 46. Nf5 Ne5 47. Be8+ b5 48. Nxh6 d4 49. Nf5 d3+ 50. Kd1 Nc4 51. Nd4 Kb4 52. Nxb5 Kb3 53. Nd4+ Kc3 54. Nb5+ Kb4 55. g5 Nb3 0-1


[Site "https://www.chess.com"]

[Event "Titled Tuesday Blitz January 31 Early 2023"]
[White "Sanal, Vahap"]
[Black "Harsh Suresh"]
[WhiteFideId "6300545"]
[BlackFideId "45018464"]
[WhiteElo "2600"]
[BlackElo "2298"]
[Result "1-0"]
[Round "04"]
[TimeControl "180+2"]
[Date "2023.01.31"]
[WhiteClock "0:00:14"]
[BlackClock "0:00:05"]

1. e4 c6 2. Nf3 d5 3. d3 dxe4 4. dxe4 Qxd1+ 5. Kxd1 Nf6 6. Nbd2 g6 7. Ne5 Nbd7 8. Nd3 Ng4 9. Nc4 Bg7 10. f3 Nge5 11. Ndxe5 Nxe5 12. c3 Be6 13. Nxe5 Bxe5 14. Kc2 O-O-O 15. Be3 b6 16. a4 Kb7 17. Be2 h5 18. h4 a5 19. Bg5 f6 20. Be3 Rd7 21. Rab1 c5 22. Bb5 Rdd8 23. Rbd1 Bg3 24. Rdf1 Rd6 25. f4 Bg4 26. Bc4 Rhd8 27. Bd5+ Kc7 28. Bf7 Be2 29. Rc1 Bd3+ 30. Kb3 Bxe4 31. Rh3 Bxf4 32. Bxf4 e5 33. Be3 R8d7 34. Bc4 f5 35. Bg5 Bxg2 36. Re3 Be4 37. Rce1 Rd1 38. Bf6 R1d2 39. Bxe5+ Kb7 40. Rg3 Rf2 41. Re2 Rxe2 42. Bxe2 Re7 43. Bf6 Re6 44. Rxg6 f4 45. Rg7+ Kb8 46. Bg5 f3 47. Bc4 Rd6 48. Bf4 f2 49. Bxd6+ Kc8 50. Be6+ Kd8 51. Rg8# 1-0


[Site "https://www.chess.com"]

[Event "Titled Tuesday Blitz January 31 Early 2023"]
[White "Vakhlamov, Igor L."]
[Black "Korobov, Anton"]
[WhiteFideId "24126748"]
[BlackFideId "14105730"]
[WhiteElo "2413"]
[BlackElo "2664"]
[Result "1-0"]
[Round "04"]
[TimeControl "180+2"]
[Date "2023.01.31"]
[WhiteClock "0:00:05"]
[BlackClock "0:00:05"]

1. e4 c5 2. Nf3 d6 3. Nc3 Nf6 4. d4 cxd4 5. Qxd4 a6 6. e5 Nc6 7. Qa4 Ng4 8. Bb5 Nxe5 9. Nxe5 dxe5 10. Bxc6+ bxc6 11. Be3 e6 12. Qxc6+ Bd7 13. Qe4 f6 14. O-O-O Rc8 15. Qb7 Qc7 16. Qxa6 Bb4 17. Rd3 O-O 18. Rhd1 Ra8 19. Qb6 Qxb6 20. Bxb6 Bc6 21. f3 Rfc8 22. a3 Be7 23. Ne4 Bb5 24. Rc3 f5 25. Rxc8+ Rxc8 26. Nd6 Rc6 27. Nxb5 Rxb6 28. a4 Kf7 29. c4 g5 30. Kc2 Kf6 31. Kc3 e4 32. fxe4 fxe4 33. b4 Ke5 34. c5 Rc6 35. a5 e3 36. Kd3 Rc8 37. Nd4 g4 38. Kxe3 Bg5+ 39. Ke2 Ke4 40. a6 Bf6 41. Nb5 Be5 42. a7 Bxh2 43. Rd7 Bg3 44. Nc7 1-0


[Site "https://www.chess.com"]

[Event "Titled Tuesday Blitz January 31 Early 2023"]
[White "Urazayev, Arystanbek"]
[Black "Narayanan.S.L"]
[WhiteFideId "13709810"]
[BlackFideId "5058422"]
[WhiteElo "2460"]
[BlackElo "2660"]
[Result "1/2-1/2"]
[Round "04"]
[TimeControl "180+2"]
[Date "2023.01.31"]
[WhiteClock "0:02:34"]
[BlackClock "0:02:50"]

1. d4 d5 2. c4 e6 3. Nf3 Nf6 4. Nc3 Be7 5. Bf4 O-O 6. a3 b6 7. cxd5 Nxd5 8. Nxd5 exd5 9. e3 c5 10. Bd3 Nd7 11. O-O Bb7 12. Ne5 Nxe5 13. Bxe5 Bd6 14. Bxd6 Qxd6 15. Rc1 cxd4 16. exd4 Rac8 1/2-1/2


[Site "https://www.chess.com"]

[Event "Titled Tuesday Blitz January 31 Early 2023"]
[White "Kilic, Eray"]
[Black "Dominguez Perez, Leinier"]
[WhiteFideId "44517173"]
[BlackFideId "3503240"]
[WhiteElo "2414"]
[BlackElo "2739"]
[Result "1-0"]
[Round "04"]
[TimeControl "180+2"]
[Date "2023.01.31"]
[WhiteClock "0:00:30"]
[BlackClock "0:00:03"]

1. e4 Nf6 2. e5 Nd5 3. d4 d6 4. exd6 exd6 5. Nf3 Be7 6. Bc4 Nb6 7. Bd3 O-O 8. h3 d5 9. O-O Nc4 10. Nbd2 Nd6 11. c3 Bf5 12. Qc2 Bxd3 13. Qxd3 Nd7 14. Ne5 c6 15. Ndf3 Nxe5 16. Nxe5 f6 17. Nf3 Qd7 18. Bf4 Rfe8 19. Bxd6 Bxd6 20. Rfe1 g6 21. Qd2 Re4 22. c4 Rxe1+ 23. Rxe1 dxc4 24. d5 Bc5 25. dxc6 Qxc6 26. Qc3 b5 27. b3 a5 28. Rc1 Bb4 29. Qe3 Re8 30. Qd4 Bc5 31. Qd2 Ba3 32. Rc2 Bb4 33. Qd4 Qe4 34. Qd7 Re7 35. Qc8+ Kg7 36. Rc1 Ba3 37. Re1 Qb7 38. Rxe7+ Qxe7 39. bxc4 b4 40. Qc6 Bb2 41. c5 a4 42. Qxa4 Qxc5 43. Qd7+ Kh6 44. Qd2+ Kg7 45. Qxb2 g5 46. Qd2 Kg6 47. Qd3+ Kg7 48. Qd4 Qa5 49. Qd7+ Kg6 50. Qe6 Kg7 51. Nd4 Qc5 52. Qd7+ Kg6 53. Qg7+ Kxg7 54. Ne6+ Kf7 55. Nxc5 1-0


[Site "https://www.chess.com"]

[Event "Titled Tuesday Blitz January 31 Early 2023"]
[White "Mosadeghpour, Masoud"]
[Black "Maksimovic, Bojan"]
[WhiteFideId "12519278"]
[BlackFideId "14408120"]
[WhiteElo "2472"]
[BlackElo "2486"]
[Result "1-0"]
[Round "04"]
[TimeControl "180+2"]
[Date "2023.01.31"]
[WhiteClock "0:00:21"]
[BlackClock "0:00:01"]

1. e4 c5 2. d4 cxd4 3. c3 dxc3 4. Nxc3 Nc6 5. Nf3 e6 6. Bc4 a6 7. O-O Nge7 8. Bg5 f6 9. Be3 Ng6 10. Bb3 Be7 11. Na4 O-O 12. Nb6 Rb8 13. Rc1 Rf7 14. Qe2 Nf8 15. Rfd1 Qe8 16. a3 Kh8 17. Ba2 g5 18. Nd4 Rg7 19. Nb3 Bd8 20. Nc4 g4 21. Nd6 Qh5 22. Nc5 Ne5 23. Bf4 Nfg6 24. Bg3 Qg5 25. Nd3 Nxd3 26. Qxd3 Ne5 27. Bxe5 Qxe5 28. Rxc8 Rxc8 29. Nxc8 Qxb2 30. Bxe6 Bc7 31. Bf5 Qe5 32. g3 h5 33. Qd4 Qxd4 34. Rxd4 Be5 35. Rxd7 Rxd7 36. Bxd7 b5 37. Na7 Bb2 38. Bc8 Bxa3 39. Bxa6 b4 40. Bc4 Kg7 41. Nc6 Kf8 42. Kf1 Ke8 43. Be6 Kf8 44. Ke2 Kg7 45. f3 gxf3+ 46. Kxf3 Kg6 47. h3 Kg5 48. h4+ Kg6 49. Bb3 Kh6 50. Kf4 Kg6 51. Ne7+ Kg7 52. Kf5 Bb2 53. Nc6 Bc3 54. Bd1 Kh6 55. Kf4 Bd2+ 56. Kf3 Bc3 57. Ne7 Kg7 58. Nd5 Be1 59. Kg2 Kh6 60. Nf4 Bd2 61. Nxh5 b3 62. Nxf6 b2 63. Bc2 Kg6 64. Ng4 Kf7 65. Kf3 Ke6 66. Bb1 Be1 67. Ne3 Kf6 68. Nd1 Bxg3 69. Kxg3 Ke5 70. Nxb2 1-0


[Site "https://www.chess.com"]

[Event "Titled Tuesday Blitz January 31 Early 2023"]
[White "Zierk, Steven"]
[Black "Boros, Denes"]
[WhiteFideId "2034255"]
[BlackFideId "722340"]
[WhiteElo "2488"]
[BlackElo "2406"]
[Result "1/2-1/2"]
[Round "04"]
[TimeControl "180+2"]
[Date "2023.01.31"]
[WhiteClock "0:00:09"]
[BlackClock "0:00:17"]

1. e4 g6 2. d4 d5 3. exd5 Qxd5 4. c4 Qd8 5. Nc3 Bg7 6. Be3 Nh6 7. Bxh6 Bxh6 8. Nf3 Bg4 9. Be2 c6 10. O-O Bg7 11. Qb3 Qb6 12. Na4 Qc7 13. Rad1 Nd7 14. h3 Bxf3 15. Bxf3 O-O 16. Rfe1 e6 17. d5 exd5 18. cxd5 Ne5 19. dxc6 bxc6 20. Be2 Qa5 21. Qc2 c5 22. b3 Rac8 23. Bc4 Rcd8 24. Re4 Kh8 25. Rde1 Nc6 26. Kf1 Rd2 27. Qc1 Rxa2 28. Re8 Qd2 29. Qxd2 Rxd2 30. Nxc5 h5 31. Rxf8+ Bxf8 32. Ne4 Rc2 33. Bxf7 Kg7 34. Bd5 Bb4 35. Rd1 Ne5 36. f4 Nf7 37. Bxf7 Kxf7 38. Rd7+ Ke6 39. Rxa7 Kf5 40. Nf2 Rxf2+ 41. Kxf2 Bc5+ 42. Kf3 Bxa7 43. g4+ hxg4+ 44. hxg4+ Ke6 45. Ke4 Kf6 46. b4 Ke6 47. b5 Bb6 48. f5+ gxf5+ 49. gxf5+ Kf6 50. Kf4 Bc7+ 51. Ke4 Bb6 52. Kf4 Bc7+ 53. Ke4 Bb6 1/2-1/2


[Site "https://www.chess.com"]

[Event "Titled Tuesday Blitz January 31 Early 2023"]
[White "Vokhidov, Shamsiddin"]
[Black "Bacrot, Etienne"]
[WhiteFideId "14204223"]
[BlackFideId "605506"]
[WhiteElo "2586"]
[BlackElo "2667"]
[Result "1-0"]
[Round "04"]
[TimeControl "180+2"]
[Date "2023.01.31"]
[WhiteClock "0:01:00"]
[BlackClock "0:00:50"]

1. e4 c5 2. Nf3 d6 3. Bb5+ Bd7 4. Bxd7+ Qxd7 5. c4 Nc6 6. Nc3 g6 7. d4 cxd4 8. Nxd4 Bg7 9. Be3 Nf6 10. f3 O-O 11. O-O a6 12. Qd3 Rac8 13. b3 e6 14. Rfd1 Rfd8 15. Rac1 Qe7 16. Nde2 d5 17. cxd5 exd5 18. Nxd5 Nxd5 19. exd5 Nb4 20. Qe4 Rxc1 21. Nxc1 Be5 22. a3 Nxd5 23. Rxd5 Rxd5 24. Qxd5 Bf4 25. Bd2 Be3+ 26. Kf1 Bxd2 27. Qxd2 Qxa3 28. Qd8+ Kg7 29. Qd4+ Kg8 30. Qc3 a5 31. Ne2 b5 32. Nd4 b4 33. Qe3 a4 34. Qe8+ Kg7 35. Qxa4 Qc1+ 36. Kf2 1-0


[Site "https://www.chess.com"]

[Event "Titled Tuesday Blitz January 31 Early 2023"]
[White "Hakobyan, Aram"]
[Black "Fier, Alexandr"]
[WhiteFideId "13306677"]
[BlackFideId "2107139"]
[WhiteElo "2608"]
[BlackElo "2589"]
[Result "1-0"]
[Round "04"]
[TimeControl "180+2"]
[Date "2023.01.31"]
[WhiteClock "0:01:45"]
[BlackClock "0:00:15"]

1. e4 c5 2. Nf3 a6 3. g3 e6 4. Bg2 Nc6 5. O-O Nf6 6. Nc3 d6 7. d4 cxd4 8. Nxd4 Bd7 9. Be3 Be7 10. f4 O-O 11. h3 Nxd4 12. Bxd4 Bc6 13. a4 Nd7 14. Qd2 b5 15. f5 e5 16. Be3 Nf6 17. g4 b4 18. Nd5 Bxd5 19. exd5 a5 20. g5 Nd7 21. Be4 Nc5 22. Bxc5 dxc5 23. f6 Bd6 24. fxg7 Kxg7 25. Rf6 Be7 26. Raf1 Kh8 27. Rh6 Bxg5 28. Rxh7+ Kg8 29. Qg2 f5 30. Rh5 1-0


[Site "https://www.chess.com"]

[Event "Titled Tuesday Blitz January 31 Early 2023"]
[White "Halkias, Stelios"]
[Black "Mitrabha, Guha"]
[WhiteFideId "4201809"]
[BlackFideId "5057000"]
[WhiteElo "2511"]
[BlackElo "2507"]
[Result "1-0"]
[Round "04"]
[TimeControl "180+2"]
[Date "2023.01.31"]
[WhiteClock "0:01:38"]
[BlackClock "0:02:04"]

1. d4 Nf6 2. Nf3 b6 3. e3 Bb7 4. Bd3 c5 5. O-O d5 6. b3 Nbd7 7. Bb2 e6 8. Nbd2 Bd6 9. Ne5 O-O 10. f4 Qc7 11. c4 Rad8 12. Rc1 Qb8 13. Qe2 Qa8 14. Nxd7 Rxd7 15. dxc5 Bxc5 16. Bxf6 gxf6 17. Bxh7+ Kh8 18. Qh5 Bxe3+ 19. Kh1 f5 20. Bxf5+ Kg7 21. Qg5+ 1-0


[Site "https://www.chess.com"]

[Event "Titled Tuesday Blitz January 31 Early 2023"]
[White "Drygalov, Sergey"]
[Black "Acor, Corey"]
[WhiteFideId "24171743"]
[BlackFideId "2024861"]
[WhiteElo "2547"]
[BlackElo "2216"]
[Result "1/2-1/2"]
[Round "04"]
[TimeControl "180+2"]
[Date "2023.01.31"]
[WhiteClock "0:00:06"]
[BlackClock "0:00:16"]

1. d4 Nf6 2. c4 e5 3. dxe5 Ng4 4. Bf4 Nc6 5. Nf3 Bb4+ 6. Nbd2 Qe7 7. e3 Ngxe5 8. Nxe5 Nxe5 9. a3 Bxd2+ 10. Qxd2 d6 11. Be2 O-O 12. O-O b6 13. b4 Nd7 14. f3 Bb7 15. e4 f5 16. exf5 Rxf5 17. Bd3 Rff8 18. Rae1 Qf6 19. Bg5 Qd4+ 20. Kh1 Kh8 21. Be3 Qf6 22. Bb1 Rae8 23. Bd4 Ne5 24. f4 Qf7 25. Qc2 Ng6 26. Rxe8 Rxe8 27. Qf2 Qxc4 28. Re1 Rxe1+ 29. Qxe1 Nxf4 30. Qe8+ Qg8 31. Qe7 Bxg2+ 32. Kg1 c5 33. Bxh7 Qxh7 34. Qd8+ Qg8 35. Qh4+ Qh7 36. Qd8+ Qg8 37. Qh4+ Qh7 38. Qd8+ 1/2-1/2


[Site "https://www.chess.com"]

[Event "Titled Tuesday Blitz January 31 Early 2023"]
[White "Iliaguev, Nisim"]
[Black "Madaminov, Mukhiddin"]
[WhiteFideId "2817276"]
[BlackFideId "14210703"]
[WhiteElo "2402"]
[BlackElo "2422"]
[Result "1-0"]
[Round "04"]
[TimeControl "180+2"]
[Date "2023.01.31"]
[WhiteClock "0:00:34"]
[BlackClock "0:00:13"]

1. d4 Nf6 2. c4 g6 3. Nc3 d5 4. cxd5 Nxd5 5. e4 Nxc3 6. bxc3 Bg7 7. Nf3 c5 8. Be3 O-O 9. Qd2 Nd7 10. Be2 Nf6 11. e5 Nd5 12. Bh6 Qa5 13. Bxg7 Kxg7 14. Rc1 Bg4 15. O-O Rfd8 16. Rfd1 e6 17. h3 Bxf3 18. Bxf3 Rac8 19. c4 Qxd2 20. Rxd2 cxd4 21. Rxd4 Nb4 22. Rxd8 Rxd8 23. Bxb7 Nxa2 24. Ra1 Rd2 25. c5 Rc2 26. c6 a5 27. Rxa2 Rxa2 28. c7 Ra1+ 29. Kh2 Rc1 30. c8=Q Rxc8 31. Bxc8 a4 32. Ba6 a3 33. Bc4 Kf8 34. Kg3 Ke7 35. Kf4 Kd7 36. Kg5 h6+ 37. Kxh6 Kc6 38. Kg7 Kc5 39. Ba2 Kd4 40. Kxf7 Kxe5 41. Bxe6 g5 42. Ba2 Kf4 43. Kg6 g4 44. hxg4 Kxg4 45. f3+ Kf4 46. Kh5 Kf5 47. Kh4 Kf4 48. g4 Kxf3 49. g5 Ke3 50. g6 Kd2 51. g7 Kc3 52. g8=Q Kb2 53. Qb3+ Ka1 54. Qb1# 1-0


[Site "https://www.chess.com"]

[Event "Titled Tuesday Blitz January 31 Early 2023"]
[White "Moroni, Luca Jr"]
[Black "Nouri, Alekhine"]
[WhiteFideId "865834"]
[BlackFideId "5216184"]
[WhiteElo "2535"]
[BlackElo "2257"]
[Result "1/2-1/2"]
[Round "04"]
[TimeControl "180+2"]
[Date "2023.01.31"]
[WhiteClock "0:00:06"]
[BlackClock "0:00:04"]

1. d4 Nf6 2. Nf3 c5 3. c4 cxd4 4. Nxd4 Nc6 5. Nc3 g6 6. e4 Bg7 7. Be2 O-O 8. Be3 d6 9. O-O Qa5 10. h3 Be6 11. Nxe6 fxe6 12. a3 Rac8 13. b4 Qe5 14. Qd3 Nh5 15. Rac1 Nf4 16. Bxf4 Qxf4 17. Bg4 Qf6 18. f4 Qd4+ 19. Qxd4 Nxd4 20. Ne2 h5 21. Bf3 Nxe2+ 22. Bxe2 Bd4+ 23. Kh2 Be3 24. Rcd1 Bxf4+ 25. g3 Be5 26. h4 Rxf1 27. Rxf1 b6 28. Kg2 d5 29. exd5 exd5 30. cxd5 Rc2 31. Kf3 Rc3+ 32. Ke4 Bxg3 33. a4 Bxh4 34. a5 Rb3 35. a6 Rxb4+ 36. Kd3 Bf6 37. Kc2 Rd4 38. Rf2 Kg7 39. Bf3 h4 40. Rg2 h3 41. Rh2 Rc4+ 42. Kd3 Rc3+ 43. Ke4 Rc4+ 44. Kd3 Rh4 45. Ke3 Be5 46. Rh1 h2 47. Rc1 Bd4+ 48. Kd3 Bg1 49. Bh1 Rd4+ 50. Ke2 Ra4 51. Rc7 Rxa6 52. Rxe7+ Kf6 53. Re6+ Kf5 54. Be4+ Kf4 55. Bh1 g5 56. d6 Ra2+ 57. Kd3 Ra4 58. Kc3 Rd4 59. Rf6+ Ke5 60. Rg6 Rxd6 61. Rxg5+ Kf4 62. Rg8 Ke3 63. Kc2 Rd2+ 64. Kc1 Rf2 65. Re8+ Kd4 66. Rd8+ Kc5 67. Rc8+ Kb4 68. Kd1 Rb2 69. Kc1 Bd4 70. Rd8 Bc3 71. Rg8 Ra2 72. Rg4+ Ka5 73. Rg5+ b5 74. Bc6 Ra1+ 75. Kc2 a6 76. Rh5 Bb4 77. Rh6 Bc5 78. Bb7 Kb4 79. Rh4+ Ka5 80. Rh6 Bb6 81. Kb2 Rg1 82. Kb3 Rg3+ 83. Kb2 Rd3 84. Rxh2 Rd7 85. Be4 Bd4+ 86. Kc2 Rd6 87. Rh3 Kb6 88. Kd3 a5 89. Rh7 a4 90. Rb7+ Kc5 91. Rh7 Kb4 92. Kc2 Rf6 93. Rh4 Rd6 94. Kd3 Kc5 95. Rh5+ Kb6 96. Bd5 Bc5 97. Ke4 Bb4 98. Rh8 a3 99. Rb8+ Ka5 100. Ra8+ Kb6 101. Rb8+ Ka6 102. Ra8+ Kb6 103. Rb8+ 1/2-1/2


[Site "https://www.chess.com"]

[Event "Titled Tuesday Blitz January 31 Early 2023"]
[White "Begmuratov, Khumoyun"]
[Black "Gokerkan, Cem Kaan"]
[WhiteFideId "14210207"]
[BlackFideId "6336760"]
[WhiteElo "2387"]
[BlackElo "2500"]
[Result "1-0"]
[Round "04"]
[TimeControl "180+2"]
[Date "2023.01.31"]
[WhiteClock "0:00:30"]
[BlackClock "0:00:18"]

1. e4 Nf6 2. Nc3 e5 3. Nf3 Nc6 4. d4 exd4 5. Nxd4 Bb4 6. Nxc6 bxc6 7. Bd3 O-O 8. O-O d5 9. exd5 cxd5 10. h3 c6 11. Qf3 Re8 12. Bf4 h6 13. Ne2 Bc5 14. c3 Ne4 15. Ng3 Nxg3 16. Qxg3 Qf6 17. Rfe1 Bd7 18. Rad1 a5 19. a4 Re6 20. Rxe6 Bxe6 21. Re1 Ra7 22. h4 Bf8 23. Be5 Qd8 24. f4 Bc5+ 25. Kh2 f6 26. Bd4 Bxd4 27. Rxe6 Bc5 28. Qg6 Kf8 29. Qh7 Kf7 30. Rxc6 f5 31. Qxf5+ Kg8 32. Qh7+ Kf7 33. Bg6+ Kf8 34. Qh8+ Ke7 35. Qxg7# 1-0


[Site "https://www.chess.com"]

[Event "Titled Tuesday Blitz January 31 Early 2023"]
[White "Jones, Gawain C B"]
[Black "Milikow, Yoav"]
[WhiteFideId "409561"]
[BlackFideId "2822237"]
[WhiteElo "2618"]
[BlackElo "2394"]
[Result "1-0"]
[Round "04"]
[TimeControl "180+2"]
[Date "2023.01.31"]
[WhiteClock "0:00:10"]
[BlackClock "0:00:07"]

1. Nf3 d5 2. c4 d4 3. b4 c5 4. g3 Nf6 5. Bg2 cxb4 6. a3 bxa3 7. O-O Nc6 8. Bxa3 e5 9. Bxf8 Kxf8 10. d3 g6 11. Nbd2 Kg7 12. Qb3 Qc7 13. Rfb1 a5 14. c5 Nb4 15. Nc4 Be6 16. Nfxe5 Ra7 17. Qa4 Nbd5 18. Qa3 Nc3 19. Rb2 Ng4 20. Nf3 Bxc4 21. Nxd4 Ba6 22. Qxc3 Nf6 23. Nb5 Bxb5 24. Rxb5 a4 25. Rb6 Qe7 26. e4 Rc8 27. Qd4 Ra5 28. e5 Ne8 29. e6+ Qf6 30. Qxf6+ Nxf6 31. Rxb7 Raxc5 32. Rxf7+ Kh6 33. Rxa4 Rc1+ 34. Bf1 Nd5 35. Rh4+ Kg5 36. f4+ Nxf4 37. Rfxf4 Re1 38. Rxh7 Rcc1 39. h4# 1-0


[Site "https://www.chess.com"]

[Event "Titled Tuesday Blitz January 31 Early 2023"]
[White "Grigoriants, Sergey"]
[Black "Biastoch, Bennet"]
[WhiteFideId "4130804"]
[BlackFideId "12939889"]
[WhiteElo "2562"]
[BlackElo "2257"]
[Result "1/2-1/2"]
[Round "04"]
[TimeControl "180+2"]
[Date "2023.01.31"]
[WhiteClock "0:00:08"]
[BlackClock "0:00:52"]

1. d4 d5 2. c4 e6 3. Nc3 Nf6 4. cxd5 exd5 5. Bg5 c6 6. e3 Be7 7. Bd3 O-O 8. Qc2 h6 9. Bh4 Nbd7 10. Nge2 Re8 11. f3 Nf8 12. O-O Bd7 13. Rae1 Rc8 14. Bf2 c5 15. dxc5 Bxc5 16. Nd4 Ne6 17. Qb3 Nxd4 18. exd4 Bb6 19. Nxd5 Rxe1 20. Rxe1 Nxd5 21. Qxd5 Be6 22. Qe4 g6 23. Qf4 Qd7 24. b3 Rd8 25. Qxh6 Bxd4 26. Bf1 Bg7 27. Qe3 b6 28. Bc4 Bxc4 29. bxc4 Bd4 30. Qxd4 Qxd4 31. Bxd4 Rxd4 32. Re7 Rd1+ 33. Kf2 Rd2+ 34. Re2 Rd4 35. Rc2 Rd3 36. c5 bxc5 37. Rxc5 Rd2+ 38. Kg3 Rxa2 39. Rc7 Kg7 1/2-1/2


[Site "https://www.chess.com"]

[Event "Titled Tuesday Blitz January 31 Early 2023"]
[White "Andreikin, Dmitry"]
[Black "Avila Pavas, Santiago"]
[WhiteFideId "4158814"]
[BlackFideId "4437128"]
[WhiteElo "2729"]
[BlackElo "2522"]
[Result "1-0"]
[Round "04"]
[TimeControl "180+2"]
[Date "2023.01.31"]
[WhiteClock "0:01:08"]
[BlackClock "0:00:01"]

1. d4 Nf6 2. c4 c5 3. Nf3 cxd4 4. Nxd4 Nc6 5. Nc3 g6 6. g3 Bg7 7. Bg2 O-O 8. O-O Qa5 9. e3 d6 10. Bd2 Qc7 11. Rc1 Nxd4 12. exd4 Qxc4 13. Nd5 Qxd4 14. Nxe7+ Kh8 15. Bc3 Qxd1 16. Rfxd1 Be6 17. Bxb7 Rab8 18. Bf3 Bxa2 19. Rxd6 Ne8 20. Ra6 Bxc3 21. bxc3 Rb2 22. c4 Nc7 23. Rxa7 Ne6 24. c5 Nd4 25. Kg2 Nxf3 26. Kxf3 Rd8 27. c6 Rd3+ 28. Ke4 Rdd2 29. Rxa2 Rxa2 30. c7 Re2+ 31. Kd5 Ra8 32. c8=Q+ Rxc8 33. Nxc8 Rxf2 34. Nd6 Rxh2 35. Rc7 Kg7 36. Rxf7+ Kh6 37. Ne4 Re2 38. g4 Rg2 39. g5+ Kh5 40. Rxh7+ Kg4 41. Ke5 Ra2 42. Rd7 Ra5+ 43. Rd5 Ra4 44. Rd4 Ra5+ 45. Kf6 Ra6+ 46. Rd6 1-0


[Site "https://www.chess.com"]

[Event "Titled Tuesday Blitz January 31 Early 2023"]
[White "De Silva, L M S T"]
[Black "Caruana, Fabiano"]
[WhiteFideId "9953698"]
[BlackFideId "2020009"]
[WhiteElo "2452"]
[BlackElo "2764"]
[Result "0-1"]
[Round "04"]
[TimeControl "180+2"]
[Date "2023.01.31"]
[WhiteClock "0:00:05"]
[BlackClock "0:00:23"]

1. Nf3 c5 2. c4 Nc6 3. e3 e6 4. b3 d5 5. cxd5 exd5 6. Be2 Nf6 7. O-O Bd6 8. d4 cxd4 9. Nxd4 O-O 10. Bb2 Re8 11. Nd2 a6 12. Rc1 Bd7 13. N2f3 Ne4 14. Nc2 Bg4 15. Ncd4 Rc8 16. Nxc6 bxc6 17. h3 Bh5 18. Nd4 Bxe2 19. Qxe2 c5 20. Nf5 Be5 21. Rfd1 Qg5 22. Bxe5 Qxf5 23. Bb2 d4 24. Qf3 Qxf3 25. gxf3 Ng5 26. f4 Nf3+ 27. Kg2 Nh4+ 28. Kg3 Nf5+ 29. Kg4 g6 30. Re1 f6 31. e4 Nd6 32. e5 Nf5 33. Ba3 d3 34. Rxc5 Rcd8 35. Rd1 d2 36. Bb2 Rd3 37. exf6 Re1 38. Rc8+ Kf7 39. Rc7+ Ke6 40. f7 Rxd1 41. Kg5 Rg1# 0-1


[Site "https://www.chess.com"]